 Dungeon Crawl Stone Soup version 0.26.1-11-gd32895ea62 (webtiles) character file.

Game seed: 12174573224353382120

255 GenialerGandalf the Chopper (level 6, 0/53 HPs)
             Began as a Hill Orc Fighter on Apr 23, 2021.
             Was an Initiate of Beogh.
             Slain by an adder (1 damage)
             ... on level 4 of the Dungeon.
             The game lasted 00:16:46 (3608 turns).

GenialerGandalf the Chopper (Hill Orc Fighter)      Turns: 3608, Time: 00:16:46

Health: 0/53       AC: 15    Str: 21    XL:     6   Next: 15%
Magic:  6/6        EV:  4    Int:  8    God:    Beogh [......]
Gold:   236        SH:  9    Dex: 10    Spells: 5/5 levels left

rFire    . . .     SeeInvis .   a - +0 war axe
rCold    . . .     Faith    .   c - +0 kite shield
rNeg     . . .     Spirit   .   e - +0 plate armour
rPois    .         Reflect  .   k - +2 helmet
rElec    .         Harm     .   (no cloak)
rCorr    .         Rampage  .   (no gloves)
Will     .....                  (no boots)
Stlth    ..........             (no amulet)
HPRegen  0.17/turn              (no ring)
MPRegen  0.10/turn              (no ring)

@: about to teleport
A: no striking features
a: Renounce Religion


You were on level 4 of the Dungeon.
You worshipped Beogh.
Beogh was noncommittal.
You visited 1 branch of the dungeon, and saw 4 of its levels.

You collected 236 gold pieces.

Inventory:

Hand Weapons
 a - a +0 war axe (weapon)
Armour
 b - a +0 scale mail
 c - a +0 kite shield (worn)
 e - a +0 plate armour (worn)
 k - a +2 helmet (worn)
Jewellery
 h - an uncursed ring of flight
 t - an uncursed ring of fire {unknown}
 w - an uncursed amulet of reflection {unknown}
Scrolls
 j - a scroll of enchant armour {unknown}
 l - 3 scrolls of teleportation
 n - 2 scrolls of amnesia {unknown}
 q - a scroll of remove curse {unknown}
 u - 2 scrolls of blinking {unknown}
 x - a scroll of immolation {unknown}
Potions
 d - 3 potions of might
 f - a potion of brilliance {unknown}
 g - 2 potions of heal wounds
 i - a potion of attraction {unknown}
 m - a potion of lignification {unknown}
 o - a potion of berserk rage {unknown}
 p - a potion of mutation {unknown}
 r - 2 potions of haste {unknown}
 s - a potion of flight {unknown}
 v - a potion of magic {unknown}


   Skills:
 + Level 4.6 Fighting
 + Level 5.5 Axes
 + Level 4.0 Armour
 + Level 0.7 Dodging
 + Level 0.2 Stealth
 + Level 4.5 Shields


You had 5 spell levels left.
You didn't know any spells.
Your spell library was empty.

Dungeon Overview and Level Annotations

Branches:
Dungeon (4/15)             Temple (0/1) D:4

Altars:


Message History

You slash the ogre!
The ogre is moderately wounded.
You barely miss the orc. You block the ogre's attack.
An orc comes into view.
It is quivering 3 boomerangs of dispersal.
The orc barely misses you. The ogre hits you with a +0 giant club!
You slash the ogre!
The ogre is heavily wounded.
You slash the orc!
You kill the orc!
Beogh accepts your kill.
You barely miss the ogre.
An adder comes into view.
The ogre hits you with a +0 giant spiked club!
* * * LOW HITPOINT WARNING * * *
The adder bites you.
* * * LOW HITPOINT WARNING * * *
You block the ogre's attack.
As you read the scroll of teleportation, it crumbles to dust.
You feel strangely unstable. You block the ogre's attack. The adder bites you.
You die...

. ## ...S. ##
...#. .. ###
##.... .# ....
..##.#o# #.
....###.#
...###...
#.......###SO....#
.........##@O.#.#
#.............#
####...########
#..## (.#
#.####..# #.#
#.......# ...
#######'## #.# ###
. ##.(.## #.# #..
.#### ##.....##
### #.# #.#


You could see 2 ogres, 2 adders and an orc.

Vanquished Creatures
  A black bear (D:3)
  2 worker ants (D:4)
  A mummy (D:4)
  Robin (D:2)
  2 adders (D:4)
  An ooze (D:3)
  A worm (D:2)
  A dart slug (D:1)
  A leopard gecko (D:3)
  12 orcs
  3 bats
  A giant cockroach (D:1)
  6 hobgoblins
  2 jackals (D:3)
  4 frilled lizards
  10 goblins
  A hobgoblin zombie (D:4)
  A jackal skeleton (D:3)
  2 kobolds
  A kobold zombie (D:4)
  A quokka skeleton (D:4)
  4 rats
59 creatures vanquished.

Vanquished Creatures (others)
  An orc (D:3)
  4 plants (D:4)
5 creatures vanquished.

Grand Total: 64 creatures vanquished

Notes
Turn   | Place    | Note
-------+----------+-------------------------------------------
     0 | D:1      | GenialerGandalf the Hill Orc Fighter began the quest for
                  | the Orb.
     0 | D:1      | Reached XP level 1. HP: 19/19 MP: 1/1
   161 | D:1      | Reached XP level 2. HP: 25/27 MP: 2/2
  1205 | D:2      | Noticed Robin
  1260 | D:2      | Reached skill level 3 in Axes
  1266 | D:2      | Reached XP level 3. HP: 24/33 MP: 3/3
  1267 | D:2      | Killed Robin
  2100 | D:3      | Became a worshipper of Beogh the Brigand
  2105 | D:3      | Reached XP level 4. HP: 40/40 MP: 4/4
  2532 | D:3      | Reached skill level 4 in Axes
  2565 | D:3      | Noticed a black bear
  2576 | D:3      | Killed a black bear
  2577 | D:3      | Reached XP level 5. HP: 35/46 MP: 5/5
  3149 | D:4      | Reached skill level 5 in Axes
  3195 | D:4      | Found a sand-covered staircase.
  3343 | D:4      | Reached XP level 6. HP: 53/53 MP: 6/6
  3352 | D:4      | Found a staircase to the Ecumenical Temple.
  3607 | D:4      | HP: 1/53 [adder (2)]
  3608 | D:4      | Slain by an adder

Illustrated notes

Levels and vault maps discovered:
D:1:      lightli_arrival_chessboard, layout_loops_corners
D:2:      layout_loops_ring, uniq_robin
D:3:      layout_basic
D:4:      layout_loops_corners, minmay_temple_entry_gardened_gates,
          nicolae_ossuary_entry_giza, serial_shops, shop,
          minmay_fractal_squares_5, uniq_natasha

Skill      XL: |  1  2  3  4  5 |
---------------+----------------+-----
Axes           | 3 4 5 |  5.5
Shields        | 4 |  4.5
Fighting       | 4 |  4.6
Armour         | 4 |  4.0
Dodging        | |  0.7
Stealth        | |  0.2

Action                   |  1- 3 |  4- 6 || total
-------------------------+-------+-------++-------
Melee: War axe           |    93 |   110 ||   203
Invok: Convert to Beogh  |     1 |       ||     1
  Use: Scroll            |     3 |     4 ||     7
Armor: Scale mail        |    69 |     1 ||    70
       Plate armour      |       |    51 ||    51
Dodge: Dodged            |    54 |    25 ||    79
Block: Kite shield       |    72 |    59 ||   131
